 Dungeon Crawl Stone Soup version 0.30.0 (webtiles) character file.

Game seed: 4570718012775709759

5309 Aldia the Grappler (level 10, -5/100 HPs)
             Began as a Troll Chaos Knight on May 6, 2023.
             Was a Priest of Okawaru.
             Slain by an efreet
             ... wielding a +1 scimitar of flaming
              (19 damage)
             ... on level 10 of the Dungeon on May 7, 2023.
             The game lasted 00:21:55 (8318 turns).

Aldia the Grappler (Troll Chaos Knight)             Turns: 8318, Time: 00:21:56

Health: -5/100     AC:  9    Str: 23      XL:     10   Next: 37%
Magic:  12/12      EV:  8    Int: 15      God:    Okawaru [***...]
Gold:   545        SH: 11    Dex:  8 (10) Spells: 5/9 levels left

rFire   . .          .
                       - Unarmed
rCold   . . .        i - +3 kite shield of Resourcefulness {Will+ Int+3}
rNeg    + . .        F - +0 troll leather armour
rPois   +            (helmet restricted)
rElec   .            s - +2 cloak {rCorr}
rCorr   +            (gloves unavailable)
SInv    +            (boots unavailable)
Will    +....        (no amulet)
Stlth   +            (no ring)
HPRegen 1.96/turn    L - ring of positive energy
MPRegen 0.13/turn

%: clarity
@: no status effects
A: large, unfitting armour, claws 3, regeneration 1, shaggy fur 1, tough skin 1,
see invisible, clarity, clever 1, poison resistance, evolution 1, subdued magic
1, MP-powered wands
a: Renounce Religion, Heroism


You were on level 10 of the Dungeon.
You worshipped Okawaru.
Okawaru was most pleased with you.
You visited 2 branches of the dungeon, and saw 11 of its levels.
You also visited: Sewer.

You collected 545 gold pieces.

Inventory:

Hand Weapons
 t - a +2 flail of protection
Missiles
 e - 3 atropa-tipped darts
 p - 6 large rocks (quivered)
 D - 2 throwing nets
Armour
 a - a +2 robe
 i - the +3 kite shield of Resourcefulness (worn) {Will+ Int+3}
   (You acquired it on level 4 of the Dungeon)

   Int:       It affects your intelligence (+3).
   Will:      It increases your willpower.
 s - a +2 cloak of preservation (worn)
 F - a +0 troll leather armour (worn)
 I - a scarf of resistance
Jewellery
 v - a ring of ice
 B - a ring of poison resistance
 L - a ring of positive energy (right claw)
Wands
 u - a wand of flame (8)
 x - a wand of acid (14)
 H - a wand of roots (9)
 J - a wand of polymorph (6)
Scrolls
 c - 2 scrolls of noise
 g - 2 scrolls of teleportation
 j - a scroll of enchant armour
 m - 2 scrolls of vulnerability
 q - 2 scrolls of enchant weapon
 y - 2 scrolls of amnesia
 z - 3 scrolls of poison
 E - a scroll of butterflies
 K - 2 scrolls of fog
Potions
 d - 3 potions of invisibility
 f - 4 potions of lignification
 h - 4 potions of curing
 k - a potion of brilliance
 l - 4 potions of resistance
 n - a potion of flight {unknown}
 o - 3 potions of berserk rage
 w - 4 potions of heal wounds
 A - 2 potions of mutation
 C - a potion of haste
 G - a potion of might
Miscellaneous
 b - a piece from Xom's chessboard (15/15)


   Skills:
 + Level 6.4 Fighting
 - Level 4.0 Throwing
 - Level 3.0 Dodging
 + Level 5.6 Shields
 * Level 10.4 Unarmed Combat
 + Level 4.0 Invocations


You had 5 spell levels left.
You knew the following spells:

 Your Spells              Type           Power      Damage    Failure   Level
a - Blink                 Tloc           0%         N/A       65%         2
b - Passwall              Tmut/Erth      0%         N/A       65%         2

Your spell library contained the following spells:

 Spells                   Type           Power      Damage    Failure   Level
 Freeze                   Ice            0%         1d3       50%         1
 Sandblast                Erth           0%         2d4       50%         1
 Lesser Beckoning         Tloc           0%         N/A       65%         2
 Momentum Strike          Conj/Tloc      0%         3d8       65%         2
 Dazzling Flash           Conj/Hex       0%         N/A       87%         3
 Frozen Ramparts          Ice            0%         1d1       87%         3
 Hailstorm                Conj/Ice       0%         3d3       87%         3
 Stone Arrow              Conj/Erth      0%         3d7       87%         3
 Volatile Blastmotes      Fire/Tloc      0%         2d10      87%         3
 Fulminant Prism          Conj/Hex       0%         3d5       99%         4
 Iskenderun's Mystic Bla  Conj/Tloc      0%         2d3       99%         4
 Agony                    Necr           0%         N/A       100%        5
 Lee's Rapid Deconstruct  Erth           0%         3d4*      100%        5
 Silence                  Hex/Air        0%         N/A       100%        5


Dungeon Overview and Level Annotations

Branches:
Dungeon (10/15)            Temple (1/1) D:7            Lair (0/5) D:8
    Orc (0/2) D:10          Sewer (visited)

Altars:
Ashenzari
Cheibriados
Dithmenos
Elyvilon
Fedhas
Gozag
Hepliaklqana
Kikubaaqudgha
Makhleb
Nemelex Xobeh
Okawaru
Qazlal
Ru
Sif Muna
Trog
Uskayaw
Vehumet
Wu Jian
Xom
Yredelemnul
Zin
The Shining One

Annotations:
D:10 Sonja


Innate Abilities, Weirdness & Mutations

You are too large for most types of armour.
You have claws for hands.
Your natural rate of healing is unusually fast.
You are covered in fur. (AC +1)
You have tough skin. (AC +1)
You have supernaturally acute eyesight. (SInv)
You possess an exceptional clarity of mind.
Your mind is acute. (Int +4, Str/Dex -1)
Your system is resistant to poisons. (rPois)
You have hidden genetic potential.
Your spells are a little easier to cast, but a little less powerful.
You expend magic power (3 MP) to strengthen your wands.


Message History

You are too injured to fight recklessly!
You are too injured to fight recklessly!
You are too injured to fight recklessly!
You claw the efreet!
The efreet is moderately wounded.
The efreet hits you with a +1 scimitar of flaming!
The efreet burns you.
You scratch the efreet.
The efreet is moderately wounded.
The efreet hits you with a +1 scimitar of flaming!!
* * * LOW HITPOINT WARNING * * *
The efreet burns you!
* * * LOW HITPOINT WARNING * * *
You scratch the efreet but do no damage.
The efreet is moderately wounded.
You block the efreet's attack.
You scratch the efreet.
The efreet is heavily wounded.
The efreet barely misses you.
A komodo dragon comes into view.
Unknown command.
Okay, then.
Okay, then.
You barely miss the efreet.
The efreet is heavily wounded.
You block the efreet's attack.
You scratch the efreet.
The efreet is heavily wounded.
The efreet closely misses you.
You scratch the efreet.
The efreet is heavily wounded.
The efreet gestures at you.
The fireball explodes!
The fireball engulfs you!
* * * LOW HITPOINT WARNING * * *
The fireball engulfs the efreet.
The efreet completely resists.
You hear a shout!
You hear two shouts!
You hear a bellow!
You claw the efreet!
The efreet is severely wounded.
The efreet hits you with a +1 scimitar of flaming!!
You die...

############ l
#..........### .
#..<.........## ##### ##.
#..........#..####.....##..
########...................
#####...#......>..<.
###.#...........
###########.............
#....zR@..#.............
#.}###W###.....###.###...
..☼ ##...##.. ##.. #....
##.## . ##. #....R ### #
#..W.## #..## ...


You could see an efreet, a wraith and a wight.

Vanquished Creatures
  2 trolls
  Sigmund (D:4)
  4 yaks (D:9)
  A steam dragon (D:9)
  Edmund (D:5)
  A water moccasin (D:7)
  An acid dragon (D:9)
  3 orc warriors (D:8)
  A sky beast (D:7)
  An ice beast (D:5)
  2 black bears
  An ogre (D:5)
  3 wolves (D:8)
  A kobold brigand (Sewer)
  Blork the orc (D:4)
  2 bullfrogs
  2 scorpions
  12 wights
  3 killer bees (D:9)
  5 electric eels
  3 howler monkeys
  8 hounds
  A sleepcap (D:8)
  2 jellies
  3 orc priests (D:8)
  Jessica (D:3)
  An iguana (D:6)
  3 orc wizards
  Robin (D:3)
  7 adders
  17 gnolls
  7 river rats
  A shadow imp (D:7)
  A white imp (D:8)
  2 ufetubi (D:5)
  2 worms
  A dart slug (D:3)
  18 orcs
  9 endoplasms
  2 giant cockroaches (D:2)
  38 goblins
  31 hobgoblins
  14 jackals
  24 kobolds
  4 quokkas
  8 ball pythons
  A bat (D:2)
  8 frilled lizards
  25 rats
291 creatures vanquished.

Vanquished Creatures (collateral kills)
  Menkaure (D:5)
  A gnoll bouda (D:5)
  A hound (D:5)
  An iguana (D:5)
4 creatures vanquished.

Vanquished Creatures (others)
  An orc wizard (D:8)
  2 orcs (D:8)
3 creatures vanquished.

Grand Total: 298 creatures vanquished

Notes
Turn   | Place    | Note
-------+----------+-------------------------------------------
     0 | D:1      | Aldia the Troll Chaos Knight began the quest for the Orb.
     0 | D:1      | Reached XP level 1. HP: 22/22 MP: 0/0
    64 | D:1      | Reached XP level 2. HP: 6/29 MP: 1/1
   247 | D:1      | Found a faded altar of an unknown god.
   247 | D:1      | XOM: silly message
   279 | D:1      | Reached XP level 3. HP: 36/36 MP: 2/2
   391 | D:1      | XOM is BORED!
   847 | D:2      | Reached skill level 4 in Unarmed Combat
   918 | D:2      | Reached XP level 4. HP: 44/44 MP: 3/3
   931 | D:2      | XOM is BORED!
   977 | D:2      | Identified the +5 cloak of the Hills {Harm rF+}
  1300 | D:3      | Learned a level 2 spell: Blink
  1364 | D:3      | Noticed Jessica
  1371 | D:3      | Killed Jessica
  1372 | D:3      | Reached XP level 5. HP: 53/53 MP: 4/4
  1613 | D:3      | XOM: noise
  1767 | D:3      | XOM: noise
  1775 | D:3      | Noticed Robin
  1788 | D:3      | XOM: cleaving
  1809 | D:3      | XOM: enchant monster (bad)
  1816 | D:3      | Killed Robin
  1912 | D:3      | Reached skill level 5 in Unarmed Combat
  1915 | D:3      | Reached skill level 1 in Throwing
  2022 | D:3      | Reached XP level 6. HP: 32/61 MP: 5/5
  2034 | D:3      | XOM: cloud trail
  2345 | D:3      | XOM: give mutations
  2345 | D:3      | Gained mutation: Your system is resistant to poisons.
                  | (rPois) [Xom's mischief]
  2345 | D:3      | Gained mutation: You have supernaturally acute eyesight.
                  | (SInv) [Xom's mischief]
  2430 | D:4      | Identified a scroll of acquirement
  2430 | D:4      | Acquired the +3 kite shield of Resourcefulness {Will+
                  | Int+3}
  2536 | D:4      | Noticed Sigmund
  2537 | D:4      | XOM: fog
  2548 | D:4      | Killed Sigmund
  2549 | D:4      | Reached skill level 1 in Shields
  2557 | D:4      | Learned a level 2 spell: Passwall
  2571 | D:4      | XOM: give mutation
  2571 | D:4      | Gained mutation: You possess an exceptional clarity of
                  | mind. [Xom's grace]
  2601 | D:4      | Noticed Blork the orc
  2602 | D:4      | XOM: confuse monster(s)
  2613 | D:4      | Killed Blork the orc
  2614 | D:4      | Reached XP level 7. HP: 57/68 MP: 6/6
  2773 | D:5      | Entered Level 5 of the Dungeon
  2786 | D:5      | Reached skill level 6 in Unarmed Combat
  2911 | D:5      | XOM: cast spell 'Leda's Liquefaction'
  2956 | D:5      | XOM: give mutations
  2956 | D:5      | Gained mutation: You expend magic power (3 MP) to
                  | strengthen your wands. [Xom's grace]
  2956 | D:5      | Gained mutation: You are strong-willed. (Will+) [Xom's
                  | grace]
  3038 | D:5      | Reached XP level 8. HP: 76/79 MP: 7/7
  3063 | D:5      | Noticed Menkaure
  3066 | D:5      | Killed Menkaure
  3067 | D:5      | Reached skill level 7 in Unarmed Combat
  3079 | D:5      | Noticed Edmund
  3085 | D:5      | Killed Edmund
  3479 | D:6      | Found a radiant altar of Vehumet.
  3484 | D:6      | Found an iron altar of Okawaru.
  3488 | D:6      | Found a glowing golden altar of the Shining One.
  3653 | D:6      | Found a sparkling altar of Nemelex Xobeh.
  3745 | D:6      | XOM: polymorph howler monkey -> river rat
  3931 | D:6      | Found a glowing drain.
  3942 | D:6      | XOM: stat loss: -1 Dex (10/11)
  3949 | Sewer    | Entered a sewer
  3963 | Sewer    | XOM: silly message
  4396 | Sewer    | XOM is BORED!
  4396 | Sewer    | XOM: give mutations
  4396 | Sewer    | Lost mutation: You are strong-willed. (Will+) [Xom's
                  | mischief]
  4396 | Sewer    | Lost mutation: Your system is resistant to poisons. (rPois)
                  | [Xom's mischief]
  4538 | D:6      | Fell from the grace of Xom
  4538 | D:6      | Became a worshipper of Warmaster Okawaru
  4874 | D:6      | Reached skill level 5 in Fighting
  4928 | D:6      | Found a broken altar of Ashenzari.
  5324 | D:7      | Reached skill level 8 in Unarmed Combat
  5569 | D:7      | XOM: noise
  5649 | D:7      | XOM: cast spell 'Summon Mana Viper'
  5650 | D:7      | Noticed a mana viper
  5706 | D:7      | Found a staircase to the Ecumenical Temple.
  5709 | D:7      | Reached XP level 9. HP: 88/88 MP: 5/8
  5715 | Temple   | XOM: noise
  5715 | Temple   | Entered the Ecumenical Temple
  6024 | D:7      | XOM: summons 7 hostile demons
  6025 | D:7      | Noticed an orange demon
  6039 | D:7      | Reached * piety under Okawaru
  6093 | D:7      | Reached skill level 1 in Invocations
  6320 | D:7      | Found a shadowy altar of Dithmenos.
  6410 | D:8      | Noticed a troll
  6428 | D:8      | Killed a troll
  6588 | D:8      | Reached skill level 9 in Unarmed Combat
  6653 | D:8      | Reached ** piety under Okawaru
  6777 | D:8      | Found a staircase to the Lair.
  6966 | D:8      | XOM: 1-stop teleportation journey
  7099 | D:8      | XOM: noise
  7210 | D:8      | Reached skill level 5 in Shields
  7310 | D:8      | Reached XP level 10. HP: 97/97 MP: 11/11
  7330 | D:8      | XOM: give mutation
  7330 | D:8      | Gained mutation: Potions are less effective at restoring
                  | your health. [Xom's mischief]
  7408 | D:8      | XOM: summons 5 hostile demons
  7435 | D:8      | XOM: give mutations
  7435 | D:8      | Gained mutation: Your spells are a little easier to cast,
                  | but a little less powerful. [Xom's mischief]
  7435 | D:8      | Gained mutation: Your system is resistant to poisons.
                  | (rPois) [Xom's mischief]
  7435 | D:8      | Lost mutation: Potions are less effective at restoring your
                  | health. [Xom's mischief]
  7435 | D:8      | Gained mutation: You have hidden genetic potential. [Xom's
                  | mischief]
  7750 | D:9      | Reached skill level 10 in Unarmed Combat
  7754 | D:9      | Reached *** piety under Okawaru
  7797 | D:9      | Received a gift from Okawaru
  7869 | D:9      | Found an ancient bone altar of Kikubaaqudgha.
  7947 | D:9      | XOM: noise
  8012 | D:9      | XOM: give mutation
  8012 | D:9      | Gained mutation: Your mind is acute. (Int +4, Str/Dex -1)
                  | [Xom's mischief]
  8253 | D:10     | Entered Level 10 of the Dungeon
  8253 | D:10     | Noticed Sonja
  8253 | D:10     | Found a staircase to the Orcish Mines.
  8318 | D:10     | Slain by an efreet

Illustrated notes

Levels and vault maps discovered:
D:1:      amcnicky_arrival_gap_in_the_tavern_cellar, layout_rooms,
          basic_ecumenical_altar
D:2:      layout_loops_ring
D:3:      minmay_goblin_kobold_castle, layout_basic, uniq_robin, uniq_jessica
D:4:      layout_rooms, uniq_sigmund, uniq_blork_the_orc
D:5:      minmay_spotlight, layout_basic, uniq_menkaure, uniq_edmund
D:6:      nicolae_cairo_tiling_large, layout_layer_cave,
          nemelex_spade_bored_becter, lemuel_coloured_pillars_altar,
          minmay_overflow_temple_star_quad, cheibrodos_sewer_entry_bend,
          amethyst_killhole
D:7:      layout_loops_corners, nicolae_dithmenos_through_a_glass_darkly,
          minmay_temple_entry_large_hall, nicolae_water_bricks
D:8:      layout_loops_corners, erik_lair_island
D:9:      layout_roguey, nicolae_kikubaaqudgha_miasma_corner
D:10:     minmay_the_grid_octo_2x2 [minmay_the_grid_octo_checkered,
          minmay_the_grid_octo_shrine, minmay_the_grid_octo_vomiting_pacman,
          minmay_the_grid_octo_prize_star], layout_rooms, uniq_sonja,
          uniq_snorg, uniq_erolcha
Temple:   nicolae_temple_superstar

Skill      XL: |  1  2  3  4  5  6  7  8  9 10 |
---------------+-------------------------------+-----
Dodging        | 2 3 |  3.0
Unarmed Combat | 4 5 6 8 9 10 | 10.4
Fighting       | 3 4 5 6 |  6.4
Throwing       | 1 2 4 |  4.0
Shields        | 1 2 3 5 |  5.6
Invocations    | 3 4 |  4.0

Action                     |  1- 3 |  4- 6 |  7- 9 | 10-12 || total
---------------------------+-------+-------+-------+-------++-------
  Melee: Unarmed           |   136 |   251 |   386 |   103 ||   876
         Punch             |     4 |     6 |       |       ||    10
 Invoke: Heroism           |       |       |     1 |     2 ||     3
  Evoke: Piece from Xom's  |     1 |       |       |       ||     1
    Use: Scroll            |     3 |    10 |     9 |     6 ||    28
         Potion            |       |       |       |     1 ||     1
   Stab: Sleeping          |     1 |     2 |     1 |       ||     4
         Confused          |       |     2 |       |       ||     2
 Armour: Robe              |    57 |    93 |    76 |       ||   226
         Troll leather arm |       |       |    19 |    83 ||   102
  Dodge: Dodged            |    83 |   150 |   119 |    53 ||   405
  Block: Kite shield       |       |     6 |   215 |   101 ||   322
